 Dungeon Crawl Stone Soup version 0.29.1-1-gd02db6906a (webtiles) character file.

Game seed: 9105150805298183490

59 raph the Grasshopper (level 3, -3/18 HPs)
             Began as a Spriggan Warper on Oct 16, 2022.
             Slain by a sky beast (4 damage)
             ... on level 4 of the Dungeon.
             The game lasted 00:05:28 (4853 turns).

raph the Grasshopper (Spriggan Warper)              Turns: 4853, Time: 00:05:29

Health: -3/18      AC:  2    Str:  7    XL:     3   Next: 78%
Magic:  13/17      EV: 17    Int: 16    God:
Gold:   109        SH:  0    Dex: 14    Spells: 2/7 levels left

rFire   . . .      SeeInvis +   p - +1 dagger (holy)
rCold   . . .      Faith    .   (no shield)
rNeg    . . .      Spirit   .   b - +0 robe
rPois   .          Reflect  .   (helmet restricted)
rElec   .          Harm     .   (no cloak)
rCorr   .          Rampage  .   (gloves unavailable)
Will    +....                   (boots unavailable)
Stlth   ++........              (no amulet)
HPRegen 0.06/turn               o - ring of willpower
MPRegen 0.15/turn               r - ring of magical power

@: very quick
A: very small, no large weapons, unfitting armour, see invisible, speed 3
a: no special abilities


You were on level 4 of the Dungeon.
You visited 1 branch of the dungeon, and saw 4 of its levels.

You collected 109 gold pieces.

Inventory:

Hand Weapons
 a - a +0 short sword
 e - a +0 dagger
 l - a +0 sling
 n - a +1 vorpal sling
 p - a +1 dagger of holy wrath (weapon)
Missiles
 d - 6 boomerangs of dispersal
 i - a throwing net
 k - 12 stones (quivered)
Armour
 b - a +0 robe (worn)
Jewellery
 f - a ring of resist corrosion
 o - a ring of willpower (left hand)
 r - a ring of magical power (right hand)
Scrolls
 c - a scroll of blinking
 t - a scroll of teleportation
Potions
 g - 3 potions of curing
 h - a potion of mutation {unknown}
 j - a potion of heal wounds
 m - a potion of brilliance {unknown}
 q - a potion of lignification {unknown}
 s - a potion of berserk rage {unknown}


   Skills:
 - Level 1.6 Fighting
 + Level 3.0 Short Blades
 - Level 1.1 Throwing
 - Level 3.3 Dodging
 * Level 2.3 Stealth
 + Level 2.9 Spellcasting
 + Level 5.3 Translocations


You had 2 spell levels left.
You knew the following spells:

 Your Spells              Type           Power      Damage    Failure   Level
a - Blink                 Tloc           38%        N/A       3%          2
b - Gell's Gravitas       Tloc           19%        N/A       6%          3

Your spell library contained the following spells:

 Spells                   Type           Power      Damage    Failure   Level
 Lesser Beckoning         Tloc           19%        N/A       6%          3
 Teleport Other           Tloc           19%        N/A       6%          3
 Frozen Ramparts          Ice            4%         1d1       50%         3
 Ozocubu's Armour         Ice            2%         N/A       50%         3
 Manifold Assault         Tloc           19%        N/A       50%         5
 Ice Form                 Ice/Tmut       2%         N/A       88%         4
 Summon Ice Beast         Ice/Summ       2%         N/A       88%         4
 Metabolic Englaciation   Hex/Ice        1%         N/A       99%         5
 Simulacrum               Ice/Necr       1%         N/A       100%        6


Dungeon Overview and Level Annotations

Branches:
Dungeon (4/15)
 Temple: D:4-7

Altars:

Shops:
D:2 :

Annotations:
D:3 Sigmund


Innate Abilities, Weirdness & Mutations

You are very small and have problems with some larger weapons.
You are too small for most types of armour.
You have supernaturally acute eyesight. (SInv)
You cover ground extremely quickly. (Speed+++)


Message History

The sky beast closely misses you.
You hit the sky beast but do no damage.
The sky beast is lightly wounded.
The sky beast hits you but does no damage.
You hit the sky beast.
The sky beast is moderately wounded.
The sky beast closely misses you.
You hit the sky beast but do no damage.
The sky beast is moderately wounded.
The sky beast misses you.
You hit the sky beast but do no damage.
The sky beast is moderately wounded.
The sky beast closely misses you.
You barely miss the sky beast.
The sky beast is moderately wounded.
You barely miss the sky beast.
The sky beast is moderately wounded.
The sky beast misses you.
You hit the sky beast.
The sky beast is moderately wounded.
The sky beast closely misses you.
You closely miss the sky beast.
The sky beast is moderately wounded.
The sky beast misses you.
You hit the sky beast.
The sky beast is heavily wounded.
The sky beast hits you but does no damage.
You closely miss the sky beast.
The sky beast is heavily wounded.
The sky beast closely misses you.
You closely miss the sky beast.
The sky beast is heavily wounded.
You hit the sky beast but do no damage.
The sky beast is heavily wounded.
The sky beast hits you. The sky beast shocks you.
* * * LOW HITPOINT WARNING * * *
You hit the sky beast.
The sky beast is heavily wounded.
The sky beast hits you.
You die...

##. #.# l.. #.# ..
#.# .. #.# #. #.#
######. #.#
.......###### #.#
.........Y@.###.#
###########.#...#
########.#.###
#..........##
#...........#
#.......(...#
#......#.#..#
#####.......>...#
...........#.#....


You could see a sky beast.

Vanquished Creatures
  2 adders
  3 dart slugs
  6 endoplasms
  A giant cockroach (D:2)
  2 hobgoblins (D:2)
  4 kobolds
  2 quokkas
  A ball python (D:1)
  4 bats
  A frilled lizard (D:2)
  7 goblins
  2 rats
35 creatures vanquished.

Notes
Turn   | Place    | Note
-------+----------+-------------------------------------------
     0 | D:1      | raph the Spriggan Warper began the quest for the Orb.
     0 | D:1      | Reached XP level 1. HP: 10/10 MP: 5/5
   954 | D:1      | Reached XP level 2. HP: 5/14 MP: 6/6
  1220 | D:1      | Learned a level 2 spell: Blink
  1805 | D:1      | Reached skill level 1 in Stealth
  2330 | D:2      | Reached skill level 5 in Translocations
  2591 | D:2      | Found Heawn's Vocational Training.
  2614 | D:2      | Reached XP level 3. HP: 16/18 MP: 8/8
  3626 | D:2      | Learned a level 3 spell: Gell's Gravitas
  3793 | D:3      | Noticed Sigmund
  4094 | D:3      | Found a faded altar of an unknown god.
  4828 | D:4      | Noticed a sky beast
  4853 | D:4      | Slain by a sky beast

Illustrated notes

Levels and vault maps discovered:
D:1:      dpeg_arrival_houses_and_road, layout_loops_ring,
          minmay_misc_feat_rows, minmay_misc_feat_five
D:2:      layout_loops_corners, corexii_shack, st_stairs_10,
          chequers_serial_rivers_small_b, skrybe_limestone_x,
          nrook_mini_backslash, nicolae_shop_vocational
D:3:      layout_basic, basic_ecumenical_altar, uniq_sigmund
D:4:      layout_basic, nicolae_sif_muna_condensation, minivault_5,
          roderic_lattice_a, chequers_jeans, st_stairs_14, uniq_duvessa

Skill      XL: |  1  2  3 |
---------------+----------+-----
Stealth        | 1 2 |  2.3
Translocations | 5 |  5.3
Short Blades   | 3 |  3.0
Fighting       | |  1.6
Throwing       | |  1.1
Dodging        | |  3.3
Spellcasting   | |  2.9

Action                   || total
-------------------------++-------
Melee: Short sword       ||   110
       Dagger            ||    98
       Punch             ||     3
Throw: Stone             ||     9
       Boomerang         ||     1
 Cast: Gell's Gravitas   ||     2
       Blink             ||     1
  Use: Scroll            ||     4
       Potion            ||     1
 Stab: Sleeping          ||     5
Armor: Robe              ||    32
Dodge: Dodged            ||   154
